 Dungeon Crawl Stone Soup version 0.23.2 (webtiles) character file.

Game seed: 11939507030080606789

25 Kairos the Skirmisher (level 3, 30/30 HPs)
             Began as a Formicid Abyssal Knight on Apr 11, 2019.
             Was a Follower of Lugonu.
             Quit the game on level 1 of the Dungeon.
             The game lasted 00:01:22 (1628 turns).

Kairos the Skirmisher (Formicid Abyssal Knight)     Turns: 1628, Time: 00:01:23

Health: 30/30      AC:  3    Str: 17    XL:     3   Next: 20%
Magic:  5/5        EV: 11    Int: 11    God:    Lugonu [*.....]
Gold:   33         SH:  0    Dex: 10    Spells: 2/2 levels left

rFire    . . .     SeeInvis +   a - +1 spear
rCold    . . .     Gourm    .   (no shield)
rNeg     . . .     Faith    .   b - +0 leather armour
rPois    .         Spirit   .   (helmet unavailable)
rElec    .         Reflect  .   (no cloak)
rCorr    .         Harm     .   (no gloves)
MR       .....                  (no boots)
Stlth    +.........             (no amulet)
HPRegen  0.10/turn              (no ring)
MPRegen  0.09/turn              (no ring)

@: flying
A: permanent stasis, dig shafts and tunnels, four strong arms, antennae 3
a: Dig, Shaft Self, Depart the Abyss, Renounce Religion


You were on level 1 of the Dungeon.
You worshipped Lugonu.
Lugonu was aware of your devotion.
You were not hungry.

You visited 1 branch of the dungeon, and saw 1 of its levels.
You visited the Abyss 1 time.

You collected 33 gold pieces.

Inventory:

Hand Weapons
 a - a +1 spear (weapon)
Armour
 b - a +0 leather armour (worn)
Scrolls
 e - a scroll of teleportation
Comestibles
 c - a ration


   Skills:
 + Level 3.8 Fighting
 + Level 2.3 Polearms
 + Level 2.4 Armour
 + Level 1.0 Dodging
 + Level 0.1 Stealth
 + Level 2.8 Invocations


You had 2 spell levels left.
You didn't know any spells.
Your spell library was empty.

Dungeon Overview and Level Annotations

Branches:
Dungeon (1/15)

Altars:


Innate Abilities, Weirdness & Mutations

You cannot be hasted, slowed, berserked, paralysed or teleported.
You can dig through walls and to a lower floor.
Your four strong arms can wield two-handed weapons with a shield.
You have a pair of large antennae on your head. (SInv)


Message History

A rat is nearby!
A rat is nearby!
Attack whom?
Press: ? - help, Dir - move target cursor, f - rat
Aim: a rat You reach to attack!
You hit the rat.
You kill the rat!
Lugonu accepts your kill.
As you read the scroll labeled KUNARH QUOPN, it crumbles to dust.
It is a scroll of identify.
e - a scroll of teleportation
As you read the scroll labeled BUGINU TAHUVO, it crumbles to dust.
Your stasis prevents you from teleporting.
It was a scroll of blinking.
As you read the scroll labeled PIOSOERRU, it crumbles to dust.
You feel blessed for a moment.
It was a scroll of remove curse.
It was a potion of flight.
You feel very buoyant.
You fly up into the air.
Are you sure you want to abandon this character and quit the game? (Confirm with "yes".)

#######................###
####
.........######..........#
#... #######..#
##.#######.# #.##
......#### #.# #.# #
#####.# #.# #)# #. #
#...#.# #.# #.# #. #
#.#.#.# #.# #.# #. #
#.###.# #.# #.# #. #
#.....# #@# #.# #. #
####### #.# #####.# #.##
#.# #.# #.....# #... ..#
#.# #.##### ##.# #.#
#.###.# #.## #.######
#.#...# #.# ..†......
..#.### #.## #..######
###)# ##.# ...# #.# #.†


There were no monsters in sight!

Vanquished Creatures
  A leopard gecko (D:1)
  A ball python (D:1)
  2 giant cockroaches (D:1)
  2 goblins (D:1)
  A hobgoblin (D:1)
  4 jackals (D:1)
  2 kobolds (D:1)
  2 bats (D:1)
  3 frilled lizards (D:1)
  6 rats (D:1)
24 creatures vanquished.

Notes
Turn   | Place    | Note
-------+----------+-------------------------------------------
     0 | Abyss:1  | Kairos the Formicid Abyssal Knight began the quest for the
                  | Orb.
     0 | Abyss:1  | Reached XP level 1. HP: 18/18 MP: 2/2
    21 | Abyss:1  | Found a shattered altar of Ashenzari.
    64 | Abyss:1  | Noticed an insubstantial wisp
   155 | Abyss:1  | Noticed an iron imp
   167 | D:1      | Escaped the Abyss
   173 | D:1      | Reached skill level 1 in Dodging
   595 | D:1      | Reached XP level 2. HP: 15/24 MP: 3/3
   633 | D:1      | Reached * piety under Lugonu
  1350 | D:1      | Reached XP level 3. HP: 28/30 MP: 5/5
  1628 | D:1      | Quit the game

Skill      XL: |  1 |
---------------+----+-----
Dodging        | 1 |  1.0
Fighting       | |  3.8
Polearms       | |  2.3
Armour         | |  2.4
Stealth        | |  0.1
Invocations    | |  2.8

Action                   || total
-------------------------++-------
Melee: Spear             ||    87
Invok: Depart the Abyss  ||     1
 Abil: Dig               ||     4
  Use: Scroll            ||     3
       Potion            ||     1
  Eat: Chunk             ||     2
Armor: Leather armour    ||    15
Dodge: Dodged            ||    38
